 Dungeon Crawl Stone Soup version 0.28.0-43-g3370ac3207 (webtiles) character file.

Game seed: 6746631125460822690

156 pkoi the Stinger (level 4, -2/36 HPs)
             Began as a Demigod Venom Mage on Mar 23, 2022.
             Slain by a killer bee zombie (3 damage)
             ... on level 4 of the Dungeon.
             The game lasted 00:04:23 (4605 turns).

pkoi the Stinger (Demigod Venom Mage)               Turns: 4605, Time: 00:04:23

Health: -2/36      AC:  2    Str:  9    XL:     4   Next: 92%
Magic:  9/9        EV: 16    Int: 21    God:
Gold:   230        SH:  0    Dex: 14    Spells: 3/6 levels left

rFire   . . .      SeeInvis .   j - +1 rapier (vorpal)
rCold   . . .      Faith    .   (no shield)
rNeg    . . .      Spirit   .   a - +0 robe
rPois   .          Reflect  .   (no helmet)
rElec   .          Harm     .   (no cloak)
rCorr   .          Rampage  .   (no gloves)
Will    .....                   (no boots)
Stlth   ++........              (no amulet)
HPRegen 0.12/turn               k - +4 ring of evasion
MPRegen 0.11/turn               (no ring)

@: no status effects
A: high MP 1, forlorn, divine attributes
a: no special abilities


You were on level 4 of the Dungeon.
You visited 1 branch of the dungeon, and saw 4 of its levels.

You collected 230 gold pieces.

Inventory:

Hand Weapons
 d - a +1 antimagic whip
 e - a +0 short sword
 j - a +1 vorpal rapier (weapon)
Armour
 a - a +0 robe (worn)
Jewellery
 g - a ring of fire
 k - a +4 ring of evasion (left hand)
Wands
 l - a wand of acid (8)
Scrolls
 b - a scroll of fear {unknown}
 f - a scroll of magic mapping
 m - a scroll of teleportation
Potions
 c - a potion of heal wounds
 h - a potion of curing
 i - a potion of attraction {unknown}
 n - a potion of cancellation {unknown}


   Skills:
 + Level 1.9 Fighting
 + Level 2.8 Dodging
 - Level 1.7 Stealth
 - Level 1.7 Spellcasting
 - Level 0.8 Transmutations
 * Level 4.2 Poison Magic
 + Level 0.0 Evocations


You had 3 spell levels left.
You knew the following spells:

 Your Spells              Type           Power      Damage    Failure   Level
a - Sting                 Tmut/Pois      48%        1d5       5%          1
b - Poisonous Vapours     Pois/Air       20%        N/A       10%         2

Your spell library contained the following spells:

 Spells                   Type           Power      Damage    Failure   Level
 Mephitic Cloud           Conj/Pois/Air  7%         N/A       26%         3
 Gell's Gravitas          Tloc           1%         N/A       41%         3
 Teleport Other           Tloc           1%         N/A       41%         3
 Olgreb's Toxic Radiance  Pois           19%        N/A       26%         4
 Dispersal                Tloc           0%         N/A       100%        6


Dungeon Overview and Level Annotations

Branches:
Dungeon (4/15)
 Temple: D:4-7


Innate Abilities, Weirdness & Mutations

You have an increased reservoir of magic. (+10% MP)
You shall have no god before yourself.
Your divine heritage dramatically boosts your attributes as you level up.


Message History

The killer bee zombie hits you.
You barely miss the killer bee zombie.
The killer bee zombie hits you but does no damage.
The killer bee zombie closely misses you.
You hit the killer bee zombie.
The killer bee zombie is lightly damaged.
The killer bee zombie completely misses you.
The killer bee zombie hits you.
* * * LOW HITPOINT WARNING * * *
You closely miss the killer bee zombie.
The killer bee zombie is lightly damaged.
The killer bee zombie closely misses you.
The killer bee zombie hits you.
* * * LOW HITPOINT WARNING * * *
You hit the killer bee zombie.
The killer bee zombie is moderately damaged.
The killer bee zombie hits you.
* * * LOW HITPOINT WARNING * * *
The killer bee zombie hits you.
* * * LOW HITPOINT WARNING * * *
You puncture the killer bee zombie!
The killer bee zombie is severely damaged.
The killer bee zombie hits you but does no damage.
The killer bee zombie closely misses you.
You closely miss the killer bee zombie.
The killer bee zombie is severely damaged.
The killer bee zombie hits you.
* * * LOW HITPOINT WARNING * * *
The killer bee zombie completely misses you.
The killer bee zombie misses you.
You hit the killer bee zombie.
The killer bee zombie is severely damaged.
The killer bee zombie misses you. The killer bee zombie hits you!
* * * LOW HITPOINT WARNING * * *
You closely miss the killer bee zombie.
The killer bee zombie is severely damaged.
The killer bee zombie hits you.
* * * LOW HITPOINT WARNING * * *
The killer bee zombie hits you.
You die...

..............#
######.#.#####
#.#.# #.#.#
...########.#.#
.###
#............#
....
#.####.#####.#
.... #.## #.#
## #.@# # #
##Z# ... ##
#...# #< #._.#
#. #...# #.
..... #. ##+##
#. #.


You could see a killer bee zombie.

Vanquished Creatures
  An orc priest (D:2)
  5 adders
  2 adder skeletons (D:4)
  3 dart slugs
  5 orcs
  3 endoplasms
  A giant cockroach (D:1)
  5 goblins
  5 hobgoblins
  4 jackals (D:2)
  4 quokkas
  4 ball pythons
  6 bats
  3 frilled lizards
  11 kobolds
  6 rats
68 creatures vanquished.

Notes
Turn   | Place    | Note
-------+----------+-------------------------------------------
     0 | D:1      | pkoi the Demigod Venom Mage began the quest for the Orb.
     0 | D:1      | Reached XP level 1. HP: 14/14 MP: 5/5
   501 | D:1      | Reached skill level 3 in Poison Magic
   926 | D:1      | Reached XP level 2. HP: 22/22 MP: 5/7
  1454 | D:2      | Reached skill level 1 in Fighting
  1633 | D:2      | Reached XP level 3. HP: 21/28 MP: 4/8
  2727 | D:2      | Learned a level 2 spell: Poisonous Vapours
  3110 | D:3      | Reached XP level 4. HP: 35/35 MP: 9/9
  3115 | D:2      | Reached skill level 4 in Poison Magic
  3597 | D:3      | Noticed a balrug
  3600 | D:3      | Noticed a ynoxinul
  3600 | D:3      | Noticed an orange demon
  4381 | D:4      | Noticed a phantom
  4605 | D:4      | HP: 1/36 [killer bee zombie (3)]
  4605 | D:4      | Slain by a killer bee zombie

Illustrated notes

Levels and vault maps discovered:
D:1:      minmay_arrival_four_circles, layout_loops_ring,
          basic_ecumenical_altar, nrook_loot_triangle
D:2:      layout_loops_ring
D:3:      layout_rooms, makhleb_altar_promises_db
D:4:      layout_loops_ring, nicolae_qazlal_eye_of_the_storm,
          mainiacjoe_overflow_six_doors_small,
          minmay_temple_entry_enclosed_plants, guppyfry_shop_venom

Skill      XL: |  1  2  3  4 |
---------------+-------------+-----
Poison Magic   | 3 4 |  4.2
Dodging        | 2 |  2.8
Fighting       | 1 |  1.9
Stealth        | |  1.7
Spellcasting   | |  1.7
Transmutations | |  0.8

Action                   |  1- 3 |  4- 6 || total
-------------------------+-------+-------++-------
Melee: Short sword       |     3 |       ||     3
       Unarmed           |     2 |       ||     2
       Rapier            |    32 |    30 ||    62
 Cast: Sting             |    66 |    49 ||   115
  Use: Scroll            |     4 |     4 ||     8
       Potion            |       |     3 ||     3
 Stab: Sleeping          |     1 |     1 ||     2
Armor: Robe              |     8 |     5 ||    13
Dodge: Dodged            |    39 |    45 ||    84
